 Dungeon Crawl Stone Soup version 0.31.0-11-ge490571c62 (webtiles) character file.

Game seed: 9041342006527256818

28 dialectric the Apothecary (level 3, 0/24 HPs)
             Began as a Demonspawn Wanderer on Feb 3, 2024.
             Slain by Terence
             ... wielding a +0 flail
              (9 damage)
             ... on level 2 of the Dungeon.
             The game lasted 00:02:10 (1146 turns).

dialectric the Apothecary (Demonspawn Wanderer)     Turns: 1146, Time: 00:02:11

Health: 0/24       AC:  2    Str: 10    XL:     3   Next: 0%
Magic:  6/6        EV: 12    Int: 15    God:
Gold:   54         SH:  0    Dex: 13    Spells: 6/6 levels left

rFire   . . .        a - +0 dagger
rCold   . . .        (no shield)
rNeg    . . .        d - +0 robe
rPois   .            (no helmet)
rElec   .            (no cloak)
rCorr   .            (no gloves)
SInv    .            (no boots)
Will    .....        (no amulet)
Stlth   +            (no ring)
HPRegen 0.24/turn    (no ring)
MPRegen 0.10/turn

%: no passive effects
@: confused, ambrosia-drunk
A: demonic magic 1
a: no special abilities


You were on level 2 of the Dungeon.
You visited 1 branch of the dungeon, and saw 2 of its levels.

You collected 54 gold pieces.

Inventory:

Hand Weapons
 a - a +0 dagger (weapon)
Missiles
 b - 10 poisoned darts (quivered)
Armour
 d - a +0 robe (worn)
Scrolls
 f - 2 scrolls of teleportation {unknown}
 i - 2 scrolls of noise {unknown}
 k - a scroll of amnesia {unknown}
 l - 2 scrolls of identify {unknown}
 m - a scroll of fog {unknown}
Potions
 c - a potion of might
 e - a potion of curing {unknown}
 g - a potion of attraction {unknown}
 h - a potion of heal wounds {unknown}
 j - a potion of ambrosia


   Skills:
 + Level 0.2 Fighting
 + Level 0.1 Short Blades
 + Level 2.1 Throwing
 + Level 1.5 Dodging
 + Level 2.0 Spellcasting
 + Level 1.1 Necromancy
 + Level 4.4 Alchemy


You had 6 spell levels left.
You didn't know any spells.
Your spell library contained the following spells:

 Spells                   Type           Power      Damage    Failure   Level
 Sting                    Conj/Alch      32%        1d5       9%          1
 Necrotise                Necr           16%        1d4       14%         1
 Mercury Vapours          Alch/Air       16%        N/A       14%         2
 Kiss of Death            Conj/Necr      12%        2d6       19%         1
 Apportation              Tloc           2%         N/A       22%         1
 Summon Small Mammal      Summ           4%         N/A       22%         1
 Ensorcelled Hibernation  Hex/Ice        2%         N/A       32%         2
 Mephitic Cloud           Conj/Alch/Air  5%         N/A       36%         3
 Fugue of the Fallen      Necr           4%         N/A       38%         3
 Passwall                 Erth           1%         N/A       54%         3
 Swiftness                Air            1%         N/A       54%         3


Dungeon Overview and Level Annotations

Branches:
Dungeon (2/15)

Altars:

Annotations:
D:2 Terence


Innate Abilities, Weirdness & Mutations

Spells you cast may paralyse adjacent enemies.


Message History

Okay, then.
You now have 54 gold pieces (gained 7).
m - a scroll labelled UCAATHRUYMI
l - 2 scrolls labelled ATIOMI PEAPN (gained 1) Key pressed, stopping explore.
No target in view!
Terence the Incautious comes into view.
He is wielding a +0 flail and wearing a +2 scale mail of fire resistance.
Found a ring mail.
Terence shouts!
Terence closely misses you.
You hit Terence but do no damage.
Terence says, "Rest in peace."
Terence hits you with a +0 flail!
Unknown command.
Throw: 12 darts (poison)
Press: ? - help, Q - select action Shift-Dir - straight line, f - Terence
Aim: Terence, wielding a +0 flail and wearing a +2 scale mail of fire resistance (58% to hit)
You throw a poisoned dart.
The poisoned dart barely misses Terence.
Terence attacks as he pursues you! Terence closely misses you.
Hit: a) +0 dagger
Press: ? - help, Dir - move target, f/p - Terence
Aim: Terence, wielding a +0 flail and wearing a +2 scale mail of fire resistance (about 35% to evade your +0 dagger)
Okay, then.
Throw: 11 darts (poison)
Press: ? - help, Q - select action Shift-Dir - straight line, f/p - Terence
Aim: Terence, wielding a +0 flail and wearing a +2 scale mail of fire resistance (58% to hit)
You throw a poisoned dart. The poisoned dart hits Terence.
Terence is poisoned.
Terence hits you with a +0 flail! Terence attacks as he pursues you!
Terence hits you with a +0 flail!
* * * LOW HITPOINT WARNING * * *
Terence looks more healthy.
You are confused.
You feel invigorated. Terence barely misses you.
You miss Terence.
Terence is moderately wounded.
Terence shouts, "Now you die!" Terence hits you with a +0 flail!
You die...
Terence says, "Time to find some more victims."

# #.#
#.#.########## .
...##.#...........
#
#.................
##.##......####.###
###.##........# .
#.##.####.#.# .
#.##.# #.#.# .
####.##.####.#.###
.
..........@@...(.#
.
####.#######.#.#.#
# #.#.#........ .
..#.#....###. .
##.#.#...... .
#............ .
.....(....... .
#.#.##[...... .
..#.##.


You could see Terence.

Vanquished Creatures
  A giant cockroach (D:1)
  4 goblins
  5 hobgoblins (D:1)
  A quokka (D:1)
  5 ball pythons (D:1)
  4 bats
  4 frilled lizards (D:1)
  A kobold (D:1)
  3 rats (D:1)
28 creatures vanquished.

Notes
Turn   | Place    | Note
-------+----------+-------------------------------------------
     0 | D:1      | dialectric the Demonspawn Wanderer began the quest for the
                  | Orb.
     0 | D:1      | dialectric set off with the following items: a +0 dagger,
                  | 13 poisoned darts, a potion of might, a +0 robe; and the
                  | following spells available to memorise: Sting, Mercury
                  | Vapours, Kiss of Death, Mephitic Cloud, Fugue of the
                  | Fallen.
     0 | D:1      | Reached XP level 1. HP: 13/13 MP: 3/3
   269 | D:1      | Gained mutation: Spells you cast may paralyse adjacent
                  | enemies. [demonic ancestry]
   269 | D:1      | Reached XP level 2. HP: 19/19 MP: 5/5
  1036 | D:2      | Reached XP level 3. HP: 23/24 MP: 6/6
  1133 | D:2      | Noticed Terence
  1142 | D:2      | HP: 1/24 [Terence/+0 flail (9)]
  1146 | D:2      | Slain by Terence

Illustrated notes

Levels and vault maps discovered:
D:1:      eino_arrival_cavern_b, layout_rooms
D:2:      layout_basic, minmay_3d_cube, uniq_terence

Skill      XL: |  1  2 |
---------------+-------+-----
Throwing       | 2 |  2.1
Fighting       | |  0.2
Short Blades   | |  0.1
Dodging        | |  1.5
Spellcasting   | |  2.0
Necromancy     | |  1.1
Alchemy        | |  4.4

Action                     || total
---------------------------++-------
  Melee: Dagger            ||   155
  Throw: Dart              ||    29
    Use: Potion            ||     2
 Armour: Robe              ||   106
  Dodge: Dodged            ||   165
